 Dungeon Crawl Stone Soup version 0.24.0-10-g970556be89 (webtiles) character file.

Game seed: 13182831085705887018, levelgen mode: deterministic

1631 Masnef the Chucker (level 8, -3/80 HPs)
             Began as an Ogre Wizard on Nov 4, 2019.
             Slain by a killer bee (5 damage)
             ... on level 6 of the Dungeon.
             The game lasted 00:31:15 (11256 turns).

Masnef the Chucker (Ogre Wizard)                   Turns: 11256, Time: 00:31:16

Health: -3/80      AC:  8    Str: 16    XL:     8   Next: 98%
Magic:  0/14       EV: 10    Int: 21    God:
Gold:   354        SH:  0    Dex:  7    Spells: 7/15 levels left

rFire    . . .     SeeInvis .   h - +0 flail
rCold    . . .     Gourm    .   (no shield)
rNeg     . . .     Faith    .   A - +0 steam dragon scales
rPois    .         Spirit   +   y - +2 hat
rElec    .         Reflect  .   (no cloak)
rCorr    .         Harm     .   (gloves unavailable)
MR       .....                  (boots unavailable)
Stlth    +.........             x - amulet of guardian spirit
HPRegen  0.23/turn              j - +4 ring of strength
MPRegen  0.14/turn              u - -4 ring of slaying (curse)

@: lethally poisoned (-3 -> -10)
A: large, unfitting armour, tough skin 1
a: no special abilities


You were on level 6 of the Dungeon.
You were not hungry.

You visited 2 branches of the dungeon, and saw 8 of its levels.
You also visited: Sewer.

You collected 354 gold pieces.

Inventory:

Hand Weapons
 f - a +0 hunting sling
 h - a +0 flail (weapon)
 i - a +0 club
 k - a +0 whip
Missiles
 c - 106 stones
 r - 3 large rocks
 t - 36 poisoned darts (quivered)
Armour
 a - a +0 robe
 b - a +1 hat
 y - a +2 hat (worn)
 A - +0 steam dragon scales (worn)
Jewellery
 j - a +4 ring of strength (left hand)
 m - a +2 ring of strength
 u - a cursed -4 ring of slaying (right hand)
 x - an amulet of guardian spirit (around neck)
 C - an uncursed ring of ice
 D - a cursed ring of resist corrosion
Scrolls
 g - 3 scrolls of blinking
 n - 9 scrolls of teleportation
 o - 7 scrolls of identify
 p - a scroll of enchant armour
 q - a scroll of amnesia
Potions
 s - 4 potions of flight
 w - a potion of experience {unknown}
 z - a potion of brilliance
 B - a potion of magic
Comestibles
 d - 5 rations
 v - a chunk of flesh


   Skills:
 * Level 5.3 Fighting
 * Level 4.2 Maces & Flails
 * Level 5.3 Throwing
 - Level 1.0 Armour
 - Level 1.7 Dodging
 - Level 1.4 Stealth
 - Level 4.0 Spellcasting
 * Level 5.1 Conjurations
 - Level 2.0 Summonings
 - Level 1.1 Translocations
 - Level 1.1 Air Magic
 - Level 1.0 Poison Magic


You had 7 spell levels left.
You knew the following spells:

 Your Spells              Type           Power        Failure   Level  Hunger
a - Magic Dart            Conj           ####         1%          1    None
b - Blink                 Tloc           N/A          12%         2    #......
c - Call Imp              Summ           ##......     8%          2    #......
d - Mephitic Cloud        Conj/Pois/Air  ##......     13%         3    ###....

Your spell library contained the following spells:

 Spells                   Type           Power        Failure   Level  Hunger
 Conjure Flame            Conj/Fire      ###.....     12%         3    ###....
 Slow                     Hex            #.......     19%         2    #......
 Irradiate                Conj/Tmut      ###.......   75%         5    ######.
 Hydra Form               Tmut           #.........   100%        6    #######
 Statue Form              Tmut/Erth      #........    100%        6    #######
 Dragon Form              Tmut           #.........   100%        7    #######


Dungeon Overview and Level Annotations

Branches:
Dungeon (7/15)             Temple (1/1) D:5           Sewer (visited)

Altars:
Cheibriados
Dithmenos
Elyvilon
Fedhas
Gozag
Hepliaklqana
Kikubaaqudgha
Makhleb
Nemelex Xobeh
Okawaru
Qazlal
Ru
Sif Muna
Trog
Wu Jian
Xom
Yredelemnul
The Shining One


Innate Abilities, Weirdness & Mutations

You are too large for most types of armour.
You have tough skin. (AC +1)


Message History

You miss the killer bee.
The killer bee is almost dead.
You feel sick. The killer bee stings you.
* * * LOW HITPOINT WARNING * * *
The killer bee barely misses you.
You closely miss the killer bee.
The killer bee is almost dead.
You feel sick. The killer bee closely misses you.
The killer bee stings you but does no damage.
Okay, then.
You miss the killer bee.
The killer bee is almost dead.
You feel sick. The killer bee barely misses you. x2
The killer bee stings you!
* * * LOW HITPOINT WARNING * * *
You barely miss the killer bee.
The killer bee is severely wounded.
* * * LOW HITPOINT WARNING * * *
You feel sick. The killer bee stings you. x2
You die...

#......#.####..........#.#
#####'#######.##.#.....#.###
# ##.....##..>....##........#
# #.....^.#.#..#####.#.##.#.#
###.......#..........#.##.#.#
#.'...≈...'....#######.##.#.#
#.#.......#.#..#.....#.##.#.#
..#.......#.#..#.....#.##.#.#
..##.....##...hy@...<#......#
...###'###.....#.....####.###
#### #.##.####.#.....# #.## #
#.........####### #..# ##
####.###### ##.# .#
#####.############ #.#
.####...#............# #.#
........#######..._..#####.#
)###.......# #...8........#


You could see a hound and a killer bee.

Vanquished Creatures
  A phantom (D:6)
  A centaur (D:7)
  2 bullfrogs (D:6)
  2 scorpions
  2 killer bees (D:6)
  A howler monkey (D:4)
  A crimson imp (D:7)
  A hound (D:6)
  An orc priest (D:6)
  2 orc wizards (D:6)
  Jessica (D:2)
  A worker ant (D:6)
  A hound skeleton (D:5)
  3 adders
  A howler monkey skeleton (D:5)
  3 gnolls (D:2)
  3 oozes
  2 adder zombies
  An adder skeleton (D:4)
  5 worms (Sewer)
  3 dart slugs
  6 leopard geckos
  6 orcs
  3 ball pythons (Sewer)
  5 goblins
  4 hobgoblins
  4 jackals (Sewer)
  2 quokkas
  13 bats
  2 frilled lizards
  A giant cockroach zombie (D:6)
  12 kobolds
  A leopard gecko skeleton (D:4)
  A quokka zombie (D:6)
  6 rats
104 creatures vanquished.

Vanquished Creatures (collateral kills)
  A hippogriff (D:6)
  2 steam dragons (D:5)
  2 sky beasts (D:6)
  An ogre (D:7)
  A phantom (D:6)
  2 bullfrogs (D:6)
  A scorpion (D:6)
  2 killer bees (D:6)
  A howler monkey (D:6)
  3 crimson imps
  A bullfrog zombie (D:5)
  2 orc priests
  Terence (D:2)
  An iguana (D:6)
  4 worker ants
  5 adders
  An adder skeleton (D:6)
  A dart slug (D:2)
  A leopard gecko (Sewer)
  9 orcs
  4 giant cockroaches (D:5)
  A hobgoblin (D:2)
  A bat (Sewer)
  A jackal skeleton (D:5)
  2 kobolds (D:2)
51 creatures vanquished.

Vanquished Creatures (others)
  9 fungi (D:5)
9 creatures vanquished.

Grand Total: 164 creatures vanquished

Notes
Turn   | Place    | Note
-------+----------+-------------------------------------------
     0 | D:1      | Masnef the Ogre Wizard began the quest for the Orb.
     0 | D:1      | Reached XP level 1. HP: 16/16 MP: 5/5
    39 | D:1      | Reached skill level 1 in Conjurations
   286 | D:1      | Reached XP level 2. HP: 24/24 MP: 6/6
   415 | D:1      | Reached skill level 1 in Throwing
   424 | D:1      | Learned a level 2 spell: Blink
   427 | D:1      | Learned a level 2 spell: Call Imp
   550 | D:1      | Reached skill level 1 in Summonings
   848 | D:1      | Reached XP level 3. HP: 31/31 MP: 8/8
  1370 | D:2      | Noticed Jessica
  1382 | D:2      | Killed Jessica
  1382 | D:2      | Reached skill level 1 in Translocations
  1575 | D:2      | Reached XP level 4. HP: 40/40 MP: 9/9
  1636 | D:2      | Noticed Terence
  1642 | D:2      | Learned a level 3 spell: Mephitic Cloud
  1652 | D:2      | Killed Terence
  1840 | D:2      | Reached skill level 1 in Fighting
  2380 | D:2      | Reached XP level 5. HP: 48/48 MP: 10/10
  2792 | D:2      | Found an iron altar of Okawaru.
  3480 | D:3      | Found a sacrificial altar of Ru.
  3707 | D:3      | Found a sparkling altar of Nemelex Xobeh.
  3714 | D:3      | Found an opulent altar of Gozag.
  3917 | D:3      | Found a shimmering blue altar of Sif Muna.
  4904 | D:4      | Reached skill level 1 in Air Magic
  4904 | D:4      | Reached skill level 1 in Poison Magic
  4968 | D:5      | Entered Level 5 of the Dungeon
  5015 | D:5      | Found a glowing drain.
  5179 | Sewer    | Entered a sewer
  5198 | Sewer    | Reached XP level 6. HP: 43/57 MP: 1/11
  5583 | Sewer    | Reached skill level 1 in Maces & Flails
  6851 | D:5      | Found a shadowy altar of Dithmenos.
  7074 | D:5      | Found a staircase to the Ecumenical Temple.
  7083 | Temple   | Entered the Ecumenical Temple
  7550 | D:5      | Noticed a steam dragon
  7563 | D:5      | Killed a steam dragon
  7563 | D:5      | Reached XP level 7. HP: 32/66 MP: 0/13
  7697 | D:5      | Noticed a steam dragon
  7732 | D:5      | Killed a steam dragon
  8368 | D:6      | Reached skill level 1 in Armour
  8669 | D:6      | Reached XP level 8. HP: 72/76 MP: 8/14
  9062 | D:6      | Found a bloodstained altar of Trog.
  9677 | D:6      | Found a blossoming altar of Fedhas.
  9677 | D:6      | Found a hazy altar of Hepliaklqana.
  9850 | D:7      | Noticed a hippogriff
 10764 | D:6      | Reached skill level 5 in Throwing
 11128 | D:6      | Killed a hippogriff
 11128 | D:6      | Reached skill level 5 in Fighting
 11128 | D:6      | Reached skill level 5 in Conjurations
 11255 | D:6      | HP: 2/80 [killer bee (7)]
 11256 | D:6      | Slain by a killer bee

Levels and vault maps discovered:
D:1:      matt_arrival_refuge, layout_basic, roderic_serpentine_path,
          hangedman_decor_clover_reticule, nrook_loot_triangle
D:2:      layout_loops_corners, kennysheep_okawaru_gauntlet, kennysheep_potato,
          uniq_terence, uniq_jessica
D:3:      layout_loops_ring, led_sif_pool, nicolae_ru_awakened_eye,
          lemuel_doored_altar, nicolae_gozag_cash_rules_everything_around_me,
          chequers_avenue
D:4:      layout_basic, first_ration
D:5:      kennysheep_steamy, layout_rooms, nicolae_dithmenos_shadow_blocks,
          minmay_temple_entry_grid, gup_sewer_entry_glass
D:6:      layout_loops_cross, kennysheep_mini,
          chequers_temple_overflow_statue_of_worship, kennysheep_flooded_box
D:7:      layout_rooms, serial_corexii_hall, corexii_hall_statues_x,
          corexii_hall_statues_x
Temple:   jpeg_temple_island

Skill      XL: |  1  2  3  4  5  6  7  8 |
---------------+-------------------------+-----
Conjurations   | 1 2 3 4 5 |  5.1
Throwing       | 1 2 3 4 5 |  5.3
Summonings     | 1 2 |  2.0
Translocations | 1 |  1.1
Fighting       | 1 2 3 5 |  5.3
Air Magic      | 1 |  1.1
Poison Magic   | 1 |  1.0
Maces & Flails | 2 3 4 |  4.2
Spellcasting   | 4 |  4.0
Armour         | 1 |  1.0
Dodging        | |  1.7
Stealth        | |  1.4

Action                   |  1- 3 |  4- 6 |  7- 9 || total
-------------------------+-------+-------+-------++-------
Melee: Whip              |     6 |     6 |       ||    12
       Flail             |       |   142 |   183 ||   325
 Fire: Hunting sling     |    83 |   175 |     9 ||   267
Throw: Dart              |     5 |       |       ||     5
 Cast: Magic Dart        |    15 |   102 |    64 ||   181
       Call Imp          |     2 |    49 |    68 ||   119
       Blink             |       |     3 |     4 ||     7
       Mephitic Cloud    |       |     3 |     5 ||     8
  Use: Scroll            |     7 |       |     4 ||    11
       Potion            |     1 |     3 |     8 ||    12
 Stab: Confused          |       |       |     4 ||     4
       Distracted        |       |       |     1 ||     1
  Eat: Chunk             |     1 |    15 |    13 ||    29
       Ration            |       |     2 |       ||     2
Armor: Robe              |    22 |   116 |       ||   138
       Steam dragon scal |       |       |   139 ||   139
Dodge: Dodged            |    32 |   170 |   229 ||   431
